AoeStats
← Alerius

Arabia

510452923Analyzed
1v1 RM · 1d ago on Oct 1, 2026· 79m 24s· 2 players
Game mode
Random Map
Map size
Tiny (2 player)
Population
200
Speed
Normal
Resources
Standard
Victory
Conquest
Starting age
Dark Age
Ending age
Imperial Age
RankedLock teamsTeams togetherTeam positionsShared explorationLock speedFull tech treeHidden civsTurbo modeCheats
Victory
Defeat
🇨🇦 Burgundians · Canada
944
+16
🇺🇸 Italians · United States
951
-35
jackiedees
9:36 Feudal Age
8:29 Loom
11:02 Double-Bit Axe
16:27 Fletching
19:03 Padded Archer Armor
22:37 Castle Age
22:05 Bow Saw
25:17 Husbandry
24:50 Cavalier
26:38 Horse Collar
27:39 Scale Barding Armor
28:46 Forging
29:58 Elite Skirmisher
32:49 Heavy Plow
33:30 Wheelbarrow
35:25 Chain Barding Armor
37:27 Hand Cart
41:07 Imperial Age
40:53 Iron Casting
39:50 Light Cavalry
41:31 Bodkin Arrow
41:27 Hussar
42:44 Conscription
44:12 Two-Man Saw
44:13 Plate Barding Armor
44:05 Hussar
48:57 Bracer
56:26 Leather Archer Armor
57:15 Blast Furnace
56:31 Leather Archer Armor
57:05 Onager
61:18 Burgundian Vineyards
63:40 Crop Rotation
67:21 Cavalier
69:25 Paladin
69:49 Pikeman
70:29 Squires
76:39 Chemistry
76:03 Ballistics
75:31 Arrowslits
75:42 Murder Holes
75:29 Treadmill Crane
Alerius
6:47 Loom
9:32 Feudal Age
10:41 Horse Collar
10:48 Double-Bit Axe
11:44 Gold Mining
14:26 Fletching
20:25 Padded Archer Armor
24:22 Castle Age
24:39 Crossbowman
25:23 Bodkin Arrow
26:10 Leather Archer Armor
26:27 Bow Saw
26:32 Stone Mining
37:21 Imperial Age
38:51 Bracer
40:43 Conscription
42:14 Two-Man Saw
41:16 Heavy Plow
41:11 Elite Genoese Crossbowman
43:00 Chemistry
42:21 Ballistics
49:55 Treadmill Crane
51:53 Murder Holes
52:12 Light Cavalry
53:03 Bloodlines
52:54 Husbandry
53:52 Forging
53:51 Scale Barding Armor
55:51 Hussar
67:35 Iron Casting
67:01 Bracer
70:18 Chain Barding Armor
Connection lost

Rejoining the realm…

Still unreachable

The connection could not be restored.

Session expired

The server has moved on; the page needs a fresh start.